 Dungeon Crawl Stone Soup version 0.30.0-19-g36f170ea60 (webtiles) character file.

Game seed: 2651977922234508415

210 monsoonserge the Insei (level 5, -1/33 HPs)
             Began as an Octopode Transmuter on May 29, 2023.
             Slain by an orc wizard
             ... wielding a +0 dagger
              (2 damage)
             ... on level 3 of the Dungeon.
             The game lasted 00:07:20 (2324 turns).

monsoonserge the Insei (Octopode Transmuter)        Turns: 2324, Time: 00:07:20

Health: -1/33      AC:  2    Str:  9 (10) XL:     5   Next: 87%
Magic:  8/8        EV: 19    Int: 14 (17) God:
Gold:   91         SH:  0    Dex: 14 (17) Spells: 2/8 levels left

rFire   . .          .
                       - Unarmed
rCold   . . .        (shield currently unavailable)
rNeg    . . .        (helmet currently unavailable)
rPois   .            g - amulet of the acrobat
rElec   .            i - ring of resist corrosion
rCorr   +            j - ring of poison resistance
SInv    .            (no ring)
Will    .....        (no ring)
Stlth   +            (no ring)
HPRegen 0.25/turn    (no ring)
MPRegen 0.11/turn    (no ring)
                     (no ring)

%: acrobat
@: confused, spider-form (expiring)
A: venomous fangs, almost no armour, (amphibious), 8 rings, tiny, (camouflage
1), (gelatinous body 1), (nimble swimmer 1), (tentacles)
a: End Transformation


You were on level 3 of the Dungeon.
You were a venomous arachnid creature.
You visited 1 branch of the dungeon, and saw 3 of its levels.

You collected 91 gold pieces.

Inventory:

Missiles
 n - 12 stones (quivered)
Magical Staves
 r - a staff of conjuration
Jewellery
 g - an amulet of the acrobat (around neck)
 i - a ring of resist corrosion (left front pincers)
 j - a ring of poison resistance (right front pincers)
 o - the ring of the Sun {Ice *Corrode rPois Will+++ Stlth-}
   (You found it on level 2 of the Dungeon)

   [ring of ice]

   It enhances your ice magic.
   rF:        It makes you vulnerable to fire.
   rC:        It protects you from cold.
   rPois:     It protects you from poison.
   *Corrode:  It may corrode you when you take damage.
   Will:      It greatly increases your willpower.
   Stlth:     It makes you less stealthy.
Scrolls
 b - a scroll of teleportation {unknown}
 c - a scroll of amnesia {unknown}
 d - 3 scrolls of identify {unknown}
 e - a scroll of enchant armour {unknown}
 f - 2 scrolls of poison {unknown}
 l - a scroll of fear {unknown}
 m - a scroll of magic mapping {unknown}
Potions
 a - 3 potions of lignification
 p - a potion of haste {unknown}
 q - a potion of ambrosia {unknown}


   Skills:
 + Level 1.1 Fighting
 + Level 2.7 Dodging
 + Level 0.4 Stealth
 + Level 4.5 Unarmed Combat
 + Level 2.2 Spellcasting
 * Level 3.4 Transmutations
 * Level 2.3 Poison Magic


You had 2 spell levels left.
You knew the following spells:

 Your Spells              Type           Power      Damage    Failure   Level
a - Beastly Appendage     Tmut           22%        N/A       17%         1
b - Spider Form           Tmut/Pois      9%         N/A       43%         3
c - Wereblood             Tmut           11%        N/A       22%         2

Your spell library contained the following spells:

 Spells                   Type           Power      Damage    Failure   Level
 Ice Form                 Ice/Tmut       6%         N/A       89%         4


Dungeon Overview and Level Annotations

Branches:
Dungeon (3/15)

Altars:


Innate Abilities, Weirdness & Mutations

You are a venomous arachnid creature.
You have venomous fangs.
You are tiny and dextrous.
Your spellcasting is less reliable in this form.
Your armour is entirely melded.
You are incapable of wielding weapons or throwing items.
You cannot wear most types of armour.
((You are amphibious.))
You can wear up to eight rings at the same time.
((Your skin changes colour to match your surroundings (Stealth+).))
((Your rubbery body absorbs attacks. (AC +1, EV +1)))
((You are camouflaged when in or above water. (Stealth+)))
((You have tentacles for arms and can constrict up to eight enemies at once.))


Message History

You kill the orc!
A puff of flame appears from out of thin air!
The puff of flame hits you!
Casting: Beastly Appendage (safe; 4% risk of failure)
Confirm with . or Enter, or press ? or * to list all spells.
The spell is quite dangerous to miscast (17% risk of failure)!
Continue anyway?
Your tentacle spike disappears.
You turn into a venomous arachnid creature.
The orc priest begins to cast a cantrip, but forgets the words!
The orc hits you with a +0 flail.
You see here a +0 hand axe.
You hit the orc priest but do no damage.
You hear some strange, mumbled words.
You are confused.
The orc priest hits you with a +0 morningstar.
The orc closely misses you.
You closely miss the orc.
The orc priest invokes the aid of Beogh against you.
Something writhes in agony!
Something hits you but does no damage. The orc attacks as you move away!
The orc hits you with a +0 flail. Something closely misses you.
The orc priest invokes the aid of Beogh against you.
You barely resist. You closely miss the orc priest.
The orc priest looks satisfied for a moment.
Something hits you but does no damage. The orc hits you with a +0 flail.
Something hits you.
The orc priest attacks as you move away!
The orc priest hits you with a +0 morningstar!
* * * LOW HITPOINT WARNING * * *
It was a potion of degeneration.
There was something very wrong with that liquid.
You feel weakened.
You feel dopey.
You feel clumsy.
Your transformation is almost over.
The orc priest hits you with a +0 morningstar.
* * * LOW HITPOINT WARNING * * *
Something barely misses you. The orc closely misses you.
It was a potion of magic.
Magic courses through your body. The orc misses you. The orc priest misses you.
Something hits you.
You die...

#.. ....... ♣.#
......... ♣~##
.......... ♣~~♣#
.........# ~~~~#
.........# ~~~~#
#+##.......#
~~~~♣##.##.......#
P~~♣~....†.......#
~~~~♣#..#.......s######
~~~~P##.#......o.o....#
~≈~~♣~#.##.....)......#
≈≈♣~~♣#.######.)......#
≈≈~~♣~#.# ##........#
≈≈~~P♣#.# #........#
≈~≈♣~~#.# #........#
≈≈~~~♣..# #####.####
≈≈~~♣~### >..


You could see an orc priest and an orc.

Vanquished Creatures
  Natasha (thrice) (D:2)
  A gnoll (D:1)
  6 adders
  A worm (D:2)
  A dart slug (D:2)
  3 orcs (D:3)
  4 ball pythons
  7 endoplasms
  4 giant cockroaches
  4 goblins
  4 hobgoblins
  2 quokkas (D:1)
  8 bats
  3 frilled lizards
  5 kobolds
  13 rats
69 creatures vanquished.

Notes
Turn   | Place    | Note
-------+----------+-------------------------------------------
     0 | D:1      | monsoonserge the Octopode Transmuter began the quest for
                  | the Orb.
     0 | D:1      | Reached XP level 1. HP: 13/13 MP: 3/3
    89 | D:1      | Reached XP level 2. HP: 3/18 MP: 3/5
   464 | D:1      | Reached XP level 3. HP: 22/23 MP: 4/6
   468 | D:1      | Learned a level 3 spell: Spider Form
   621 | D:1      | Reached skill level 4 in Unarmed Combat
  1130 | D:2      | Reached skill level 1 in Poison Magic
  1131 | D:2      | Reached XP level 4. HP: 28/28 MP: 5/7
  1320 | D:2      | Identified the ring of the Sun {Ice *Corrode rPois Will+++
                  | Stlth-}
  1676 | D:2      | Noticed Natasha
  1685 | D:2      | Killed Natasha
  1686 | D:2      | Reached XP level 5. HP: 27/33 MP: 3/8
  1705 | D:2      | Learned a level 2 spell: Wereblood
  1867 | D:2      | Noticed Natasha
  2011 | D:2      | Killed Natasha
  2178 | D:2      | Noticed Natasha
  2188 | D:2      | Killed Natasha
  2323 | D:3      | HP: 1/33 [orc priest/+0 morningstar (3)]
  2324 | D:3      | Slain by an orc wizard

Illustrated notes

Levels and vault maps discovered:
D:1:      dpeg_arrival_ratfight, layout_basic
D:2:      layout_basic, uniq_natasha
D:3:      layout_basic, grunt_decor_fettered, serial_bayou_lake_a

Skill      XL: |  1  2  3  4  5 |
---------------+----------------+-----
Unarmed Combat | 4 |  4.5
Poison Magic   | 1 2 |  2.3
Transmutations | 3 |  3.4
Fighting       | |  1.1
Dodging        | |  2.7
Stealth        | |  0.4
Spellcasting   | |  2.2

Action                     |  1- 3 |  4- 6 || total
---------------------------+-------+-------++-------
  Melee: Unarmed           |    74 |    72 ||   146
         Constrict         |    21 |    13 ||    34
         Kick              |    18 |    16 ||    34
         Tentacles         |    14 |     8 ||    22
         Punch             |     3 |     5 ||     8
   Cast: Beastly Appendage |    18 |    19 ||    37
         Spider Form       |       |     3 ||     3
    Use: Potion            |       |     2 ||     2
   Stab: Sleeping          |     1 |     7 ||     8
 Armour: Skin              |     9 |     5 ||    14
  Dodge: Dodged            |    44 |    44 ||    88
